Map: 零纪元-天梯版

Players

INnoVation

  • Race: Terran Terran
  • League: Diamond

RAIL - Winner!

  • Race: Protoss Protoss

Event: WESG 2018 Grand Finals

VOD

Have the link to the VOD?

Description

Time

  • Played on: March 14, 2019, 3:34 a.m.
  • Length: 24:03

All games in this series

Show
View Real Time Build Order
Export as new Build Order

INnoVation Terran 

Build Orders: Reaper Expand 

Get SALT Encoding   

  12  0:00  SCV  
  13  0:12  SCV  
  14  0:17  Supply Depot  
  14  0:24  SCV  
  15  0:39  SCV  
  15  0:41  Barracks  
  16  0:45  Refinery  
  16  0:51  SCV  
  17  1:03  SCV  
  18  1:15  SCV  
  19  1:28  Reaper, Orbital Command  
  20  1:43  Command Center  
  20  1:54  SCV  
  21  2:00  Supply Depot  
  21  2:01  Barracks Reactor  
  21  2:06  SCV  
  21  2:08  Refinery  
  22  2:18  SCV  
  23  2:22  Factory  
  23  2:30  SCV  
  23  2:36  Marine  
  23  2:37  Marine  
  25  2:42  SCV  
  27  2:54  Marine x2, SCV  
  27  2:56  Orbital Command  
  30  3:06  SCV  
  30  3:07  Factory Tech Lab  
  30  3:09  Starport  
  30  3:12  Marine x2  
  32  3:18  SCV  
  33  3:22  SCV  
  33  3:25  Cyclone  
  37  3:30  Marine x2, SCV  
  40  3:34  SCV  
  40  3:35  Supply Depot  
  41  3:43  SCV  
  41  3:45  Viking  
  41  3:46  SCV  
  41  3:48  Marine  
  46  3:55  Supply Depot  
  46  3:57  Marine, Siege Tank  
  46  4:02  SCV x2  
  52  4:08  Marine  
  52  4:09  Supply Depot  
  53  4:14  Marine  
  53  4:15  Starport Tech Lab  
  53  4:17  SCV x2  
  56  4:25  Barracks  
  56  4:29  SCV x2  
  58  4:31  Marine  
  58  4:32  Marine  
  58  4:33  Raven  
  62  4:41  SCV  
  62  4:42  SCV  
  62  4:44  Barracks  
  62  4:50  Supply Depot  
  62  4:52  Marine x2  
  64  4:58  SCV x2  
  65  5:06  Engineering Bay  
  64  5:10  Marine x2, SCV x2  
  64  5:13  Refinery  
  68  5:20  Factory Tech Lab  
  67  5:22  SCV x2  
  67  5:24  Stimpack  
  67  5:25  Marine  
  67  5:28  Marine x2  
  66  5:31  Starport Reactor  
  66  5:34  SCV x2  
  69  5:41  Marine, Siege Tank  
  73  5:43  Terran Infantry Weapons Level 1, Marine  
  73  5:45  Supply Depot x2  
  73  5:46  Marine x2, SCV x2  
  74  5:58  SCV  
  74  5:59  Marine, SCV  
  74  6:01  Marine  
  78  6:06  Marine x2  
  78  6:10  SCV  
  78  6:11  SCV  
  82  6:12  Supply Depot  
  82  6:13  Siege Tank  
  82  6:14  Refinery  
  82  6:15  Combat Shield  
  82  6:17  Marine  
  85  6:19  Marine  
  86  6:30  Marine x2, SCV x2  
  90  6:40  Medivac x2, Command Center  
  90  6:42  SCV x2  
  90  6:43  Supply Depot  
  90  6:44  Supply Depot  
  96  6:54  SCV x2  
  96  6:56  Barracks  
  96  6:57  Barracks  
  98  7:02  Siege Tank  
  98  7:03  Marine  
  98  7:04  Marine  
  98  7:05  Supply Depot  
  98  7:06  SCV x2  
  105  7:12  Missile Turret  
  105  7:14  Medivac x2  
  109  7:20  SCV x2  
  111  7:23  Marine x2  
  111  7:28  Supply Depot  
  113  7:30  Marauder x2  
  116  7:38  Supply Depot  
  116  7:39  Missile Turret  
  116  7:40  Missile Turret  
  116  7:43  Siege Tank  
  119  7:46  Barracks Reactor, Barracks Tech Lab  
  119  7:51  Medivac x2  
  121  7:56  Orbital Command  
  123  8:01  Marauder x2  
  123  8:04  SCV x2  
  129  8:06  Marine x2  
  131  8:15  Siege Tank  
  136  8:20  Marauder  
  136  8:22  Marauder  
  136  8:23  Marauder  
  136  8:25  Marine x4  
  136  8:26  SCV x2  
  146  8:27  Orbital Command  
  146  8:33  Terran Infantry Armor Level 1, Supply Depot  
  146  8:34  Supply Depot  
  146  8:38  SCV x2  
  146  8:40  Concussive Shells  
  148  8:47  Liberator x2  
  148  8:50  SCV x2  
  148  8:51  Refinery  
  148  8:52  Refinery  
  148  8:53  SCV  
  150  8:56  Armory, Engineering Bay  
  150  9:05  SCV x3  
  159  9:12  Missile Turret  
  158  9:18  Missile Turret  
  158  9:19  Missile Turret  
  158  9:26  SCV x3  
  158  9:27  Marauder x2  
  158  9:29  Marauder  
  158  9:30  Marine  
  158  9:31  Marine x3  
  165  9:36  Liberator  
  165  9:38  SCV x3  
  159  9:39  Liberator  
  159  9:40  Supply Depot  
  159  9:44  Supply Depot  
  161  9:46  Terran Infantry Weapons Level 2, Supply Depot  
  161  9:47  Terran Ship Weapons Level 1  
  161  9:55  Sensor Tower  
  167  10:05  Marauder  
  167  10:06  Marauder x2  
  173  10:10  Marine x4  
  177  10:19  Starport  
  177  10:20  Fusion Core  
  176  10:28  Liberator x2  
  176  10:35  Command Center  
  176  10:46  Terran Infantry Armor Level 2  
  182  10:56  Supply Depot  
  182  11:03  Liberator, Command Center  
  182  11:09  Command Center  
  177  11:11  SCV x2, Liberator x2  
  177  11:12  SCV  
  177  11:17  Advanced Ballistics  
  183  11:32  Missile Turret, Factory Reactor  
  189  11:40  Command Center  
  189  11:43  Bunker  
  189  11:58  Liberator x2  
  189  12:12  Planetary Fortress  
  188  12:17  Orbital Command, Refinery  
  188  12:18  Sensor Tower  
  193  12:26  SCV x3  
  196  12:30  Refinery  
  196  12:37  Missile Turret  
  196  12:38  SCV  
  196  12:39  Missile Turret  
  197  12:44  Terran Ship Weapons Level 2, Terran Infantry Weapons Level 3  
  197  12:54  Starport  
  197  12:56  Orbital Command  
  194  12:59  Factory Reactor  
  194  13:02  Command Center  
  194  13:03  Viking x2  
  194  13:04  Viking  
  200  13:07  Ghost Academy  
  200  13:14  Terran Infantry Armor Level 3  
  199  13:30  Viking  
  199  13:34  Viking x2  
  197  13:43  Viking  
  193  13:49  Planetary Fortress  
  193  13:53  Ghost x3  
  199  14:00  Viking  
  197  14:06  Barracks  
  197  14:07  Barracks x2, Viking x2  
  197  14:11  Viking  
  196  14:18  Orbital Command  
  196  14:19  Refinery x2  
  196  14:25  Viking x2  
  198  14:32  Liberator x3  
  189  14:49  Refinery  
  196  14:53  Ghost x2  
  199  15:07  Barracks Tech Lab  
  199  15:08  Barracks Reactor, Barracks Tech Lab  
  194  15:14  Ghost  
  193  15:39  Viking x2, Ghost x3, Command Center  
  193  15:40  Command Center  
  199  15:47  Marauder  
  194  16:04  Viking x2  
  197  16:13  Command Center  
  197  16:14  Viking x2  
  197  16:15  Viking  
  197  16:16  Viking  
  197  16:25  Ghost x2  
  189  16:29  Marine x4  
  197  16:36  Viking  
  197  16:37  Viking  
  193  16:45  Viking x2  
  191  17:01  Personal Cloaking  
  191  17:03  Terran Ship Weapons Level 3  
  191  17:05  Marauder x2, Liberator x2  
  189  17:08  Viking  
  191  17:17  Liberator  
  191  17:18  Liberator  
  191  17:19  Sensor Tower  
  197  17:45  Marauder  
  197  17:51  Liberator x3  
  199  17:58  Planetary Fortress  
  197  18:03  Orbital Command  
  197  18:04  Orbital Command  
  189  18:10  Ghost  
  200  18:22  Liberator x3, Command Center  
  197  18:29  Sensor Tower  
  192  18:40  Liberator x2  
  196  18:43  Refinery  
  193  18:48  Refinery  
  193  19:02  Liberator  
  193  19:21  Marauder x3, Marine x4  
  194  19:40  Terran Vehicle And Ship Armor Level 1  
  194  19:58  Viking x2  
  194  19:59  Viking x3  
  196  20:09  Ghost, Viking  
  196  20:10  Marine, Ghost  
  196  20:11  Marauder x3, Marine x3  
  183  20:28  Viking x2  
  183  20:29  Viking  
  183  20:31  Viking  
  183  20:32  Viking  
  188  20:37  Ghost x3  
  188  20:38  Marine, Ghost x2  
  197  20:45  Marine x2  
  185  21:02  Marine  
  185  21:03  Marine x5  
  176  21:05  Ghost x3  
  176  21:07  Ghost  
  176  21:08  Marauder  
  176  21:10  Viking x3  
  176  21:11  Viking x3  
  168  21:20  Marine  
  168  21:21  Marine  
  168  21:23  Liberator x2  
  164  21:32  Marauder  
  164  21:34  Marauder, Marine  
  164  21:35  Marauder  
  158  21:40  Viking  
  158  21:41  Viking x3  
  140  21:48  Marauder  
  140  21:49  Marauder, Marine x5  
  140  21:53  Marauder, Liberator x2  
  140  21:54  Liberator  
  143  21:56  Marauder x2  
  144  22:07  Liberator x3  
  140  22:10  Marauder x2  
  140  22:11  Marine  
  140  22:15  Marauder  
  154  22:17  Marauder x2  
  151  22:26  Marine  
  159  22:31  Marauder  
  159  22:36  Liberator x3  
  156  22:46  Marauder, Marine x4  
  164  22:51  Marauder x2  
  164  22:53  Marauder  
  166  22:59  Marauder  
  166  23:00  Marine  
  159  23:08  Marauder  
  158  23:17  Medivac x2  
Show
View Real Time Build Order
Export as new Build Order

RAIL Protoss - Winner!

Build Orders: 1 Gate Expand, Phoenix Opening, Mass Phoenix, Colossus Rush 

Get SALT Encoding   

  12  0:00  Probe  
  13  0:13  Probe  
  14  0:17  Pylon  
  14  0:24  Probe  
  15  0:32  Probe  
  15  0:38  Gateway  
  15  0:40  Probe  
  16  0:46  Assimilator  
  17  0:51  Probe  
  18  1:03  Probe  
  19  1:15  Probe  
  20  1:23  Nexus  
  20  1:32  Cybernetics Core  
  20  1:36  Probe  
  21  1:41  Assimilator  
  21  1:48  Probe  
  21  1:52  Pylon  
  22  2:00  Adept, Probe  
  23  2:12  Probe  
  23  2:14  Stargate  
  26  2:23  Warp Gate  
  26  2:24  Probe  
  27  2:30  Adept  
  27  2:32  Probe  
  27  2:33  Probe  
  31  2:40  Probe  
  31  2:41  Probe  
  32  2:49  Probe  
  32  2:50  Probe  
  33  2:53  Phoenix  
  37  3:01  Probe  
  37  3:04  Adept  
  37  3:05  Probe  
  41  3:09  Pylon  
  41  3:14  Phoenix  
  41  3:19  Probe  
  44  3:22  Probe  
  45  3:31  Probe, Phoenix  
  45  3:34  Gateway  
  46  3:35  Probe  
  49  3:42  Pylon  
  49  3:43  Probe  
  49  3:46  Assimilator  
  50  3:50  Probe  
  50  3:54  Phoenix  
  51  3:56  Probe, Assimilator  
  54  4:03  Probe  
  54  4:06  Robotics Facility  
  54  4:08  Probe  
  56  4:11  Phoenix  
  56  4:12  Pylon  
  56  4:14  Zealot  
  56  4:15  Probe  
  59  4:22  Probe  
  62  4:25  Pylon  
  62  4:31  Probe  
  63  4:34  Probe  
  63  4:35  Phoenix  
  66  4:45  Pylon  
  66  4:54  Robotics Bay  
  66  5:00  Phoenix  
  66  5:05  Nexus  
  66  5:08  Immortal  
  70  5:17  Pylon  
  70  5:25  Phoenix  
  72  5:33  Probe  
  72  5:34  Probe  
  72  5:35  Sentry, Zealot  
  74  5:40  Gateway  
  74  5:41  Colossus, Gateway  
  76  5:47  Probe  
  83  5:55  Extended Thermal Lance  
  83  5:57  Probe  
  83  5:59  Probe  
  83  6:02  Phoenix  
  87  6:07  Pylon  
  87  6:09  Probe  
  88  6:12  Probe  
  88  6:16  Probe  
  89  6:21  Colossus, Probe  
  89  6:24  Probe x2  
  92  6:27  Phoenix  
  92  6:28  Pylon  
  95  6:34  Probe  
  95  6:36  Probe  
  95  6:37  Probe  
  95  6:39  Pylon  
  104  6:43  Pylon  
  104  6:46  Twilight Council, Probe  
  105  6:48  Sentry, Zealot  
  109  6:54  Zealot x2  
  113  7:04  Charge  
  113  7:07  Nexus  
  113  7:08  Colossus  
  113  7:10  Pylon  
  119  7:21  Forge  
  119  7:22  Forge  
  119  7:23  Pylon  
  119  7:24  Protoss Ground Weapons Level 1  
  119  7:25  Zealot, Protoss Ground Armor Level 1  
  121  7:31  Probe  
  121  7:33  Zealot x3  
  127  7:38  Probe x2  
  127  7:40  Pylon  
  127  7:43  Probe  
  130  7:47  Gateway x2  
  130  7:51  Probe  
  131  7:52  Probe  
  132  7:59  Shield Battery  
  132  8:00  Probe  
  132  8:03  Immortal  
  137  8:09  Stalker  
  139  8:19  Probe  
  141  8:20  Probe x3  
  141  8:25  Zealot x3  
  149  8:38  Assimilator  
  149  8:39  Probe x2  
  149  8:40  Zealot, Assimilator  
  149  8:41  Protoss Ground Weapons Level 2  
  153  8:42  Pylon, Immortal  
  153  8:44  Pylon  
  153  8:45  Blink  
  153  8:46  Stalker  
  159  8:50  Gateway  
  159  8:52  Protoss Ground Armor Level 2, Gateway  
  159  8:53  Pylon  
  159  8:57  Pylon  
  159  9:03  Stalker x3  
  165  9:10  Photon Cannon  
  165  9:13  Stalker  
  165  9:14  Stalker x2  
  171  9:20  Warp Prism  
  173  9:26  Stalker, Zealot  
  173  9:27  Zealot  
  177  9:39  Stalker, Zealot x2  
  183  9:47  Gateway x2  
  183  9:48  Stalker x2, Templar Archives  
  183  9:49  Stalker x2  
  183  9:50  Zealot  
  193  9:59  Photon Cannon  
  193  10:02  Observer  
  194  10:21  Stalker, Zealot  
  194  10:22  Zealot  
  194  10:24  Psionic Storm  
  194  10:25  Protoss Ground Weapons Level 3  
  200  10:32  Nexus  
  200  10:36  Pylon  
  200  10:50  Fleet Beacon  
  200  10:52  Protoss Air Weapons Level 1  
  200  10:53  Stargate  
  200  10:54  Stargate  
  200  10:59  Photon Cannon  
  200  11:00  Photon Cannon  
  200  11:02  Photon Cannon  
  200  11:04  Shield Battery  
  200  11:07  Photon Cannon  
  200  11:09  High Templar  
  196  11:16  Assimilator x2  
  192  11:19  Protoss Ground Armor Level 3  
  192  11:21  High Templar  
  194  11:26  Photon Cannon  
  194  11:28  Photon Cannon  
  194  11:29  Phoenix  
  194  11:31  Photon Cannon  
  196  11:37  Assimilator  
  196  11:41  Assimilator  
  196  11:44  Tempest x2  
  194  12:00  Tempest  
  199  12:28  Protoss Air Weapons Level 2  
  197  12:36  Tempest  
  200  12:42  Tempest  
  195  12:45  Tempest  
  195  12:46  Protoss Shields Level 1  
  200  13:01  High Templar  
  200  13:04  High Templar  
  196  13:32  Tempest  
  197  13:35  High Templar  
  199  13:44  Tempest  
  199  14:00  Tempest  
  200  14:14  Tempest  
  200  14:37  Zealot x2  
  199  14:41  Tempest  
  199  14:43  Zealot x3  
  192  14:48  Tempest  
  192  14:51  Zealot  
  199  15:00  Photon Cannon  
  199  15:02  Photon Cannon  
  199  15:04  Photon Cannon  
  199  15:06  Photon Cannon  
  199  15:10  Assimilator  
  199  15:12  Tempest  
  191  15:21  Stalker x2  
  191  15:22  Stalker x2  
  199  15:37  Tempest  
  199  15:38  Tempest  
  193  15:44  Stalker x2, High Templar  
  195  15:59  Stalker x4  
  195  16:01  Protoss Shields Level 2, Observer  
  198  16:16  Stalker x3  
  197  16:25  Tempest  
  191  16:26  Stalker  
  191  16:27  Stalker  
  191  16:31  Protoss Air Weapons Level 3  
  189  16:47  Tempest  
  189  16:50  Tempest  
  199  17:11  Observer  
  199  17:27  Gateway  
  199  17:30  Gateway  
  199  17:31  Tempest  
  199  17:32  Disruptor  
  199  17:35  Tempest  
  195  17:40  Tempest  
  190  18:04  Robotics Facility  
  184  18:07  Disruptor  
  185  18:13  Stalker, Zealot x3  
  185  18:14  Tempest  
  185  18:17  Nexus  
  198  18:25  Tempest  
  192  18:41  Tempest  
  197  18:43  Warp Prism  
  194  18:49  Protoss Shields Level 3  
  194  18:53  Nexus, Disruptor  
  187  18:57  Tempest  
  187  18:59  Stalker, Zealot x2  
  187  19:01  Stalker  
  200  19:08  Protoss Air Armor Level 1  
  191  19:19  Immortal  
  191  19:21  Tempest  
  193  19:25  Stalker, Zealot  
  176  19:46  Stalker, Zealot x3  
  176  19:47  Stalker x2, Zealot  
  176  19:48  Tempest  
  195  19:57  Stalker x4  
  200  20:11  Stalker, Zealot x4  
  194  20:19  Stalker x3  
  194  20:20  Warp Prism  
  198  20:28  Nexus  
  198  20:34  Tempest  
  197  20:44  Pylon  
  197  20:49  Stalker, Zealot  
  193  20:57  Stalker x2  
  193  21:05  Stalker  
  193  21:06  Stalker x5  
  193  21:10  Disruptor  
  198  21:12  High Templar  
  200  21:18  Nexus  
  194  21:26  Stalker x3  
  194  21:32  Stalker, Zealot x6  
  190  21:33  Zealot  
  187  21:45  Stalker  
  187  21:46  Tempest x2, Immortal  
  157  21:51  High Templar x2  
  157  21:52  High Templar  
  157  21:53  Immortal  
  163  21:56  Stalker x6  
  163  21:57  Sentry, Zealot  
  163  21:59  Tempest  
  172  22:11  Assimilator  
  172  22:12  Assimilator  
  172  22:15  Stalker  
  174  22:22  Stalker  
  174  22:23  Zealot x6  
  174  22:24  Stalker x4  
  196  22:33  Immortal  
  200  22:43  Stalker x2  
  183  23:07  Stalker x7  
  197  23:17  Stalker  
  197  23:18  Observer  
  196  23:41  Stalker x5  
  172  23:56  Nexus  
Tags
 
Add a new tag
Caveats
  • Supply blocks, unpowered buildings, or Contaminate may cause inaccurate times.
  • Supply counts are checked every 10 seconds.